 Dungeon Crawl Stone Soup version 0.31-a0-532-g28f74ba3e5 (webtiles) character file.

Game seed: 1279515250912371453

52 duskshroud the Chopper (level 3, -4/51 HPs)
             Began as a Minotaur Berserker on Aug 12, 2023.
             Was a Believer of Trog.
             Slain by a gnoll
             ... wielding a +0 flail
              (5 damage)
             ... on level 2 of the Dungeon.
             The game lasted 00:01:50 (1004 turns).

duskshroud the Chopper (Minotaur Berserker)         Turns: 1004, Time: 00:01:51

Health: -4/51      AC:  2    Str: 21    XL:     3   Next: 60%
Magic:  2/2        EV: 12    Int:  4    God:    Trog [**....]
Gold:   94         SH:  0    Dex: 11    Spells: 2/2 levels left

rFire   . . .        a - +0 hand axe
rCold   . . .        (no shield)
rNeg    . . .        b - +0 animal skin
rPois   .            (helmet restricted)
rElec   .            (no cloak)
rCorr   +            (no gloves)
SInv    .            (no boots)
Will    .....        (no amulet) Stlth
                     j - ring of resist corrosion
HPRegen 0.28/turn    (no ring)
MPRegen 0.08/turn

%: no passive effects
@: berserking, very quick
A: horns 2, retaliatory headbutt
a: Renounce Religion, Berserk, Trog's Hand


You were on level 2 of the Dungeon.
You worshipped Trog.
Trog was pleased with you.
You visited 1 branch of the dungeon, and saw 2 of its levels.

You collected 94 gold pieces.

Inventory:

Hand Weapons
 a - a +0 hand axe (weapon)
Armour
 b - a +0 animal skin (worn)
Jewellery
 j - a ring of resist corrosion (left hand)
Scrolls
 c - a scroll of poison {unknown}
 d - 3 scrolls of vulnerability {unknown}
 e - a scroll of amnesia {unknown}
 h - 2 scrolls of teleportation {unknown}
Potions
 f - a potion of degeneration {unknown}
 g - a potion of lignification {unknown}
 i - a potion of curing {unknown}


   Skills:
 + Level 4.4 Fighting
 * Level 5.0 Axes
 - Level 2.4 Armour
 - Level 2.1 Dodging


You had 2 spell levels left.
You didn't know any spells.
Your spell library was empty.

Dungeon Overview and Level Annotations

Branches:
Dungeon (2/15)

Altars:


Innate Abilities, Weirdness & Mutations

You have a pair of horns on your head.
You reflexively headbutt those who attack you in melee.


Message History

You are too injured to fight recklessly!
You are too injured to fight recklessly!
You are too injured to fight recklessly!
You are too injured to fight recklessly!
You are too injured to fight recklessly!
You are too injured to fight recklessly!
You are too injured to fight recklessly!
You are too injured to fight recklessly!
You are too injured to fight recklessly!
You are too injured to fight recklessly!
You are too injured to fight recklessly!
You are too injured to fight recklessly!
You are too injured to fight recklessly!
You are too injured to fight recklessly!
You are too injured to fight recklessly!
You are too injured to fight recklessly!
You are too injured to fight recklessly!
You are too injured to fight recklessly!
A red film seems to cover your vision as you go berserk!
You feel yourself moving faster!
You feel mighty! The gnoll hits you with a +0 whip.
You feel a strong urge to attack something.
The gnoll hits you with a +0 whip.
* * * LOW HITPOINT WARNING * * *
The gnoll hits you from afar with a +0 spear!
* * * LOW HITPOINT WARNING * * *
The gnoll closely misses you.
You slash the gnoll!
The gnoll is almost dead.
You hit the gnoll. You barely miss the gnoll. You hit the gnoll.
You kill the gnoll!
Trog accepts your kill.
You hit the gnoll. You slash the gnoll!
You kill the gnoll!
Trog accepts your kill.
The gnoll hits you from afar with a +0 spear.
* * * LOW HITPOINT WARNING * * *
The gnoll hits you with a +0 flail.
You die...

## #.#. #.#.# #
###.#.##.#.# ####
#..........# ##$ ....
........... .... ...#
#.........####+##..###.#
...........##.⌠.##..##.#
.....g))....##...##..#.#
......g@..#..##...##...#
..............##...##...
..........#....''.⌠.''..
..........##..##...##..#
..#.#.#####..##...##..#.
...... ...##...##..###
#.#.#. #..##.⌠.##..# ##
##...# #.# ##'##..# #.
#. #. ......# #.


You could see 2 gnolls.

Vanquished Creatures
  Robin (D:2)
  2 gnolls (D:2)
  A dart slug (D:2)
  2 bats
  An endoplasm (D:1)
  A giant cockroach (D:1)
  10 goblins
  7 hobgoblins
  2 quokkas (D:1)
  4 ball pythons (D:1)
  A frilled lizard (D:1)
  2 kobolds
  2 rats (D:1)
36 creatures vanquished.

Notes
Turn   | Place    | Note
-------+----------+-------------------------------------------
     0 | D:1      | duskshroud the Minotaur Berserker began the quest for the
                  | Orb.
     0 | D:1      | Reached XP level 1. HP: 19/19 MP: 0/0
    91 | D:1      | Reached skill level 4 in Axes
   122 | D:1      | Reached XP level 2. HP: 27/27 MP: 1/1
   225 | D:1      | Found a faded altar of an unknown god.
   664 | D:2      | Noticed Robin
   669 | D:2      | Reached ** piety under Trog
   674 | D:2      | Reached XP level 3. HP: 5/33 MP: 2/2
   675 | D:2      | Killed Robin
   736 | D:2      | Reached skill level 5 in Axes
  1004 | D:2      | HP: 1/51 [gnoll/+0 spear (6)]
  1004 | D:2      | Slain by a gnoll

Illustrated notes

Levels and vault maps discovered:
D:1:      tarquinn_simple_flora_water_a, layout_basic, basic_ecumenical_altar,
          chequers_garden
D:2:      layout_loops_ring, grunt_decor_arrowhead,
          kennysheep_decorative_pillar, chequers_serial_rivers_room_a,
          uniq_robin

Skill      XL: |  1  2  3 |
---------------+----------+-----
Axes           | 4 5 |  5.0
Fighting       | 4 |  4.4
Armour         | |  2.4
Dodging        | |  2.1

Action                     || total
---------------------------++-------
  Melee: Hand axe          ||    67
         Headbutt          ||     7
 Invoke: Berserk           ||     2
   Stab: Sleeping          ||     1
 Armour: Animal skin       ||     9
  Dodge: Dodged            ||    45

Table legend: (Time is in decaauts)
 A = Elapsed time spent in this place.
 B = Non-inter-level travel time spent in this place.
 C = Inter-level travel time spent in this place.
 D = Time resting spent in this place.
 E = Time spent auto-exploring this place.
 F = Levels seen in this place.
 G = Mean time per level.
                   A        B        C        D        E       F      G
               +--------+--------+--------+--------+--------+-----+--------+
         Total |   1021 |   1017 |      4 |    125 |    710 |   2 |  510.5 |
       Dungeon |   1021 |   1017 |      4 |    125 |    710 |   2 |  510.5 |
               +--------+--------+--------+--------+--------+-----+--------+

Top non-repeatable levels by time:
     D:1: 549 daAuts
     D:2: 471 daAuts
